AoeStats
← Diegor

Arena

510977362Analyzed
1v1 RM · 14h ago on Oct 3, 2026· 71m 4s· 2 players
Game mode
Random Map
Map size
Tiny (2 player)
Population
200
Speed
Normal
Resources
Standard
Victory
Conquest
Starting age
Dark Age
Ending age
Imperial Age
RankedLock teamsTeams togetherTeam positionsShared explorationLock speedFull tech treeHidden civsTurbo modeCheats
Victory
Defeat
🇵🇪 Spanish · Peru
517
+18
558
-23
Diegor
11:38 Feudal Age
12:22 Double-Bit Axe
12:53 Horse Collar
21:10 Castle Age
19:53 Scale Mail Armor
20:04 Forging
24:06 Squires
25:45 Heavy Plow
25:43 Elite Skirmisher
30:20 Pikeman
36:57 Imperial Age
37:52 Redemption
37:23 Sappers
39:10 Halberdier
40:21 Inquisition
47:04 Bow Saw
47:45 Iron Casting
47:27 Chain Mail Armor
47:12 Padded Archer Armor
47:03 Fletching
47:19 Scale Barding Armor
47:09 Town Watch
47:10 Loom
49:30 Town Patrol
52:46 Devotion
53:22 Theocracy
60:38 Wheelbarrow
62:29 Blast Furnace
62:00 Plate Mail Armor
61:27 Bodkin Arrow
61:48 Leather Archer Armor
62:48 Two-Man Saw
64:37 Chemistry
64:15 Hand Cart
66:38 Bracer
67:09 Ring Archer Armor
67:07 Bombard Tower
EmplyesMustwashhannds
3:20 Loom
12:18 Feudal Age
13:35 Wheelbarrow
12:52 Double-Bit Axe
15:37 Horse Collar
17:08 Gold Mining
19:02 Arson
23:14 Forging
26:24 Castle Age
25:11 Stone Mining
26:07 Scale Barding Armor
26:09 Scale Mail Armor
26:34 Bloodlines
27:24 Hand Cart
27:44 Bow Saw
28:17 Husbandry
30:32 Padded Archer Armor
31:10 Iron Casting
31:27 Murder Holes
32:09 Heavy Plow
32:15 Town Watch
33:41 Stone Shaft Mining
35:02 Fletching
36:39 Squires
40:19 Gold Shaft Mining
42:06 Chain Barding Armor
42:01 Chain Mail Armor
43:41 Town Patrol
46:58 Imperial Age
44:34 Pikeman
45:02 Gambesons
45:15 Bodkin Arrow
45:21 Padded Archer Armor
45:26 Elite Skirmisher
47:42 Thumb Ring
47:02 Capped Ram
49:06 Chemistry
48:41 Cavalier
48:43 Light Cavalry
49:33 Siege Ram
53:15 Crop Rotation
56:37 Plate Barding Armor
57:04 Blast Furnace
58:03 Hussar
60:10 Plate Mail Armor
59:58 Masonry
60:37 Ballistics
60:26 Siege Engineers
64:11 Stirrups
64:48 Conscription
65:27 Onager
67:10 Architecture
Connection lost

Rejoining the realm…

Still unreachable

The connection could not be restored.

Session expired

The server has moved on; the page needs a fresh start.